Checkers vs Canucks
Created - May 27, 2024 at 19:06
Goals
|
| Checkers |
1 |
4 |
1 |
6 |
| Canucks |
2 |
2 |
0 |
4 |
|
Shots
|
| Checkers |
8 |
15 |
8 |
31 |
| Canucks |
13 |
7 |
5 |
25 |
|
1st period
1. Checkers , Drake Batherson 13 (Dominik Kahun 13) at 3:46
2. Canucks , Curtis Lazar 6 (Jean-Sebastien Dea 6, Scott Harrington 4) at 5:23
3. Canucks , Daniel Zaar 6 (Nicolas Petan 8) at 7:46 (PP)
Penalties :
Matt Puempel (Cha) for Tripping (Minor) at 7:45, Morgan Frost (Cha) for Hooking (Minor) at 17:48
2nd period
4. Canucks , Phil Di Giuseppe 7 (Jean-Sebastien Dea 7, Adam Ollas-Mattsson 5) at 7:56 (SH)
5. Checkers , Drake Batherson 14 (John Draeger 1, Dominik Kahun 14) at 8:58
6. Checkers , Morgan Frost 2 (Roberts Lipsbergs 2, Jake Walman 3) at 13:19
7. Canucks , Ryan Lomberg 7 (Nicolas Petan 9) at 15:13 (PP)
8. Checkers , Radim Simek 1 (Timothy Liljegren 5) at 15:43
9. Checkers , Viktor Baldayev 1 (Drake Batherson 3, Dominik Kahun 15) at 17:19
Penalties :
Anthony Beauvillier (Cha) for Holding (Minor) at 4:34, William Lagesson (Abb) for Boarding (Minor) at 6:50, Patrick Brown (Cha) for Holding (Minor) at 15:12
3rd period
10. Checkers , Dominik Kahun 2 (Drake Batherson 4) at 12:39
Penalties :
Ryan Lomberg (Abb) for Hooking (Minor) at 16:14
Goalie Stats
Brandon Halverson (Cha), 21 saves from 25 shots - (0.840), W, 6-4-0, 60:00 minutes
Thatcher Demko (Abb), 25 saves from 31 shots - (0.806), L, 4-5-0, 60:00 minutes
Players Stats for Checkers
Player Name G A P +/- PIM S H SB GA TA FO MP PP MP PK MP
------------------------------------------------------------------------------------
Andrei Svechnikov 0 0 0 0 0 2 2 1 1 0 0/0 15:51 1:32 0:02
Anthony Beauvillier 0 0 0 3 2 0 0 1 1 1 1/2 21:24 2:26 1:00
Austin Poganski 0 0 0 0 0 0 5 0 0 1 0/0 10:58 0:00 0:00
Dominik Kahun 1 3 4 3 0 1 0 1 1 1 15/37 22:20 2:26 1:46
Drake Batherson 2 2 4 3 0 7 2 0 1 1 0/1 20:33 2:26 0:00
Dylan Gambrell 0 0 0 0 0 2 3 0 0 0 3/7 16:22 1:32 0:34
Jake Walman 0 1 1 2 0 2 1 0 0 0 0/0 15:30 0:00 1:50
Jared McIsaac 0 0 0 3 0 1 2 0 0 0 0/0 15:10 1:19 0:00
John Draeger 0 1 1 1 0 0 0 1 0 0 0/0 19:45 1:19 2:10
Kirill Marchenko 0 0 0 1 0 1 1 0 0 0 0/0 8:36 0:00 0:00
Matt Puempel 0 0 0 0 2 5 0 1 0 0 0/0 12:48 0:00 1:38
Morgan Frost 1 0 1 1 2 4 2 0 0 0 2/3 9:50 0:00 0:51
Patrick Brown 0 0 0 0 2 0 1 0 0 1 0/2 16:21 1:32 0:34
Radim Simek 1 0 1 1 0 1 4 0 0 0 0/0 26:59 2:39 2:10
Roberts Lipsbergs 0 1 1 1 0 2 0 0 1 0 0/0 9:39 0:00 1:03
Tanner Laczynski 0 0 0 0 0 0 0 0 0 0 1/3 11:14 0:00 0:32
Timothy Liljegren 0 1 1 1 0 1 2 2 1 1 0/0 24:54 2:39 0:00
Viktor Baldayev 1 0 1 0 0 2 2 0 0 0 0/0 17:42 0:00 1:50
Players Stats for Canucks
Player Name G A P +/- PIM S H SB GA TA FO MP PP MP PK MP
------------------------------------------------------------------------------------
Adam Ollas-Mattsson 0 1 1 -1 0 0 1 0 0 1 0/0 19:27 2:05 1:48
Curtis Lazar 1 0 1 0 0 3 2 0 2 0 0/0 16:49 1:54 0:00
Dan Renouf 0 0 0 -2 0 2 3 2 1 1 0/0 29:02 1:55 2:10
Daniel Zaar 1 0 1 -2 0 6 0 0 0 0 2/2 19:47 2:06 0:00
Daniil Miromanov 0 0 0 -1 0 1 0 0 0 1 0/0 11:31 0:00 0:00
Guillaume Brisebois 0 0 0 0 0 0 1 3 0 0 0/0 12:40 0:00 1:09
Jean-Sebastien Dea 0 2 2 1 0 0 0 1 1 0 5/6 17:53 1:54 1:27
Juho Lammikko 0 0 0 0 0 0 0 0 0 0 0/0 11:56 0:03 0:00
Lane Pederson 0 0 0 -2 0 1 4 1 0 1 1/2 8:55 0:00 0:33
Mackenzie MacEachern 0 0 0 -2 0 3 1 0 0 0 1/1 9:17 0:00 0:56
Nicolas Petan 0 2 2 -3 0 0 3 1 0 0 21/37 22:21 2:06 2:45
Phil Di Giuseppe 1 0 1 1 0 2 2 0 0 0 0/0 17:02 1:54 0:36
Ryan Lomberg 1 0 1 -3 2 2 1 2 2 0 3/4 21:29 2:03 1:39
Scott Harrington 0 1 1 -2 0 1 1 1 0 1 0/0 29:02 1:55 2:10
Trevor Moore 0 0 0 0 0 2 1 1 0 1 0/0 11:13 0:00 0:00
Tyler Graovac 0 0 0 0 0 0 0 0 0 0 0/3 11:13 0:00 0:00
William Lagesson 0 0 0 -3 2 0 3 0 0 0 0/0 18:26 2:05 0:39
William Lockwood 0 0 0 -2 0 2 0 0 0 0 0/0 7:57 0:00 0:00
3 Stars
1 - Drake Batherson (Cha)
2 - Dominik Kahun (Cha)
3 - Radim Simek (Cha)
Power Play
Checkers - 0 on 2 Attempt(s) - 0.00%
Canucks - 2 on 4 Attempt(s) - 50.00%
Penalty Kill
Checkers - 2 on 4 Attempt(s) - 50.00%
- Score 0 goal in Penalty Kill
Canucks - 2 on 2 Attempt(s) - 100.00%
- Score 1 goal in Penalty Kill
Team Stat
Checkers - Hits : 27 - Faceoff Wins : 22 - Blocked Shots : 7 - Penalty Minutes : 8
Canucks - Hits : 23 - Faceoff Wins : 33 - Blocked Shots : 12 - Penalty Minutes : 4
Official
Referees : Eric Furlatt and Jean Hebert
Linesman : Ryan Daisy and Steve Miller
Game Notes
No Game Note
Finance
Level 1 -- Attendance: 2000 (100.00%) -- Ticket Income $140,000
Level 2 -- Attendance: 1000 (100.00%) -- Ticket Income $40,000
Total Attendance: 3000 (100.00%)
Total Ticket Income: $180,000
Other Income: $9,000
Total Income: $189,000
Checkers
5 vs 5 Forward
Center Left Wing Right Wing Time % Phy DF OF
1 Dominik Kahun Anthony Beauvillier Drake Batherson 40 0 2 3
2 Dylan Gambrell Andrei Svechnikov Patrick Brown 30 0 2 3
3 Tanner Laczynski Matt Puempel Austin Poganski 20 0 2 3
4 Morgan Frost Roberts Lipsbergs Kirill Marchenko 10 0 2 3
5 vs 5 Defense
Defense Defense Time % Phy DF OF
1 Radim Simek Timothy Liljegren 40 0 2 3
2 John Draeger Viktor Baldayev 30 0 2 3
3 Jake Walman Jared McIsaac 20 0 2 3
4 Radim Simek Timothy Liljegren 10 0 2 3
PowerPlay Forward
Center Left Wing Right Wing Time % Phy DF OF
1 Dominik Kahun Anthony Beauvillier Drake Batherson 60 0 1 4
2 Dylan Gambrell Andrei Svechnikov Patrick Brown 40 0 1 4
PowerPlay Defense
Defense Defense Time % Phy DF OF
1 Timothy Liljegren Radim Simek 60 0 2 3
2 John Draeger Jared McIsaac 40 0 2 3
Penalty Kill 4 Players Forward
Center Wing Time % Phy DF OF
1 Dominik Kahun Anthony Beauvillier 60 0 3 2
2 Dylan Gambrell Patrick Brown 40 0 3 2
Penalty Kill 4 Players Defense
Defense Defense Time % Phy DF OF
1 Radim Simek John Draeger 60 0 4 1
2 Viktor Baldayev Jake Walman 40 0 4 1
Penalty Kill - 3 Players Forward
Forward Time % Phy DF OF
1 Anthony Beauvillier 60 0 3 2
2 Dominik Kahun 40 0 3 2
Penalty Kill - 3 Players Defense
Defense Defense Time % Phy DF OF
1 Radim Simek John Draeger 60 0 4 1
2 Viktor Baldayev Jake Walman 40 0 4 1
4 vs 4 Forward
Center Wing Time % Phy DF OF
1 Dominik Kahun Drake Batherson 60 0 2 3
2 Dylan Gambrell Anthony Beauvillier 40 0 2 3
4 vs 4 Defense
Defense Defense Time % Phy DF OF
1 Radim Simek Timothy Liljegren 60 0 2 3
2 John Draeger Viktor Baldayev 40 0 2 3
Last Minutes Offensive
Center Left Wing Right Wing Defense Defense
Dominik Kahun Anthony Beauvillier Drake Batherson Timothy Liljegren Viktor Baldayev
Last Minutes Defensive
Center Left Wing Right Wing Defense Defense
Dominik Kahun Anthony Beauvillier Patrick Brown Radim Simek John Draeger
Goaltenders
Starting : Brandon Halverson
Backup : Joseph Woll
Extra Forwards
Normal : Andrei Svechnikov, Anthony Beauvillier, Drake Batherson - PP : Andrei Svechnikov, Drake Batherson - PK : Matt Puempel
Extra Defensemen
Normal : John Draeger, Timothy Liljegren, Radim Simek - PP : Radim Simek - PK : Viktor Baldayev, John Draeger
Penalty Shots
Patrick Brown, Drake Batherson, Andrei Svechnikov, Dominik Kahun, Anthony Beauvillier
Custom OT Lines Forwards
Patrick Brown, Drake Batherson, Anthony Beauvillier, Dominik Kahun, Kirill Marchenko, Tanner Laczynski, Dylan Gambrell, Morgan Frost, Andrei Svechnikov, Matt Puempel
Custom OT Lines Defensemen
Radim Simek, John Draeger, Viktor Baldayev, Timothy Liljegren, Jake Walman
Scratches
Mitchell Heard (Healthy), Nicklas Jensen (Healthy), Simon Bourque (Healthy), Kale Clague (Sprained Right Finger Injury), Artur Kayumov (Healthy)
Ivan Prosvetov (Healthy), Jakub Skarek (Healthy)
Canucks
5 vs 5 Forward
Center Left Wing Right Wing Time % Phy DF OF
1 Nicolas Petan Ryan Lomberg Daniel Zaar 56 1 2 2
2 Jean-Sebastien Dea Phil Di Giuseppe Curtis Lazar 30 1 2 2
3 Tyler Graovac Trevor Moore Juho Lammikko 10 1 2 2
4 Lane Pederson Mackenzie MacEachern William Lockwood 4 1 2 2
5 vs 5 Defense
Defense Defense Time % Phy DF OF
1 Scott Harrington Dan Renouf 56 1 2 2
2 Adam Ollas-Mattsson William Lagesson 30 1 2 2
3 Guillaume Brisebois Daniil Miromanov 10 1 2 2
4 Scott Harrington Dan Renouf 4 1 2 2
PowerPlay Forward
Center Left Wing Right Wing Time % Phy DF OF
1 Nicolas Petan Ryan Lomberg Daniel Zaar 60 1 2 2
2 Jean-Sebastien Dea Phil Di Giuseppe Curtis Lazar 40 1 2 2
PowerPlay Defense
Defense Defense Time % Phy DF OF
1 Scott Harrington Dan Renouf 60 1 2 2
2 Adam Ollas-Mattsson William Lagesson 40 1 2 2
Penalty Kill 4 Players Forward
Center Wing Time % Phy DF OF
1 Nicolas Petan Ryan Lomberg 60 1 2 2
2 Jean-Sebastien Dea Phil Di Giuseppe 40 1 2 2
Penalty Kill 4 Players Defense
Defense Defense Time % Phy DF OF
1 Scott Harrington Dan Renouf 60 1 2 2
2 Adam Ollas-Mattsson William Lagesson 40 1 2 2
Penalty Kill - 3 Players Forward
Forward Time % Phy DF OF
1 Nicolas Petan 60 1 2 2
2 Jean-Sebastien Dea 40 1 2 2
Penalty Kill - 3 Players Defense
Defense Defense Time % Phy DF OF
1 Scott Harrington Dan Renouf 60 1 2 2
2 Adam Ollas-Mattsson William Lagesson 40 1 2 2
4 vs 4 Forward
Center Wing Time % Phy DF OF
1 Nicolas Petan Ryan Lomberg 60 1 2 2
2 Jean-Sebastien Dea Phil Di Giuseppe 40 1 2 2
4 vs 4 Defense
Defense Defense Time % Phy DF OF
1 Scott Harrington Dan Renouf 60 1 2 2
2 Adam Ollas-Mattsson William Lagesson 40 1 2 2
Last Minutes Offensive
Center Left Wing Right Wing Defense Defense
Nicolas Petan Ryan Lomberg Daniel Zaar Scott Harrington Dan Renouf
Last Minutes Defensive
Center Left Wing Right Wing Defense Defense
Nicolas Petan Ryan Lomberg Daniel Zaar Scott Harrington Dan Renouf
Goaltenders
Starting : Thatcher Demko
Backup : Casey DeSmith
Extra Forwards
Normal : Jean-Sebastien Dea, Juho Lammikko, Phil Di Giuseppe - PP : Jean-Sebastien Dea, Juho Lammikko - PK : Jean-Sebastien Dea
Extra Defensemen
Normal : William Lagesson, Guillaume Brisebois, Daniil Miromanov - PP : William Lagesson - PK : William Lagesson, Guillaume Brisebois
Penalty Shots
Daniel Zaar, Curtis Lazar, Ryan Lomberg, Nicolas Petan, Jean-Sebastien Dea
Custom OT Lines Forwards
Daniel Zaar, Curtis Lazar, Ryan Lomberg, Nicolas Petan, Jean-Sebastien Dea, Juho Lammikko, Phil Di Giuseppe, Trevor Moore, Mackenzie MacEachern, Tyler Graovac
Custom OT Lines Defensemen
Scott Harrington, Dan Renouf, Adam Ollas-Mattsson, William Lagesson, Guillaume Brisebois
Scratches
Anton Zlobin (Healthy), Charles Hudon (Healthy), Jaret Anderson-Dolan (Healthy), Brandon Saigeon (Healthy), Jay O'Brien (Healthy)
Juuso Riikola (Bruised Left Arm Injury), Michael Joly (Healthy), Jack Rathbone (Healthy), Rasmus Asplund (Healthy), Marek Langhamer (Healthy)
Michael Dipietro (Healthy)
% Time on Ice - Checkers
Lines # - Real PCT - Wanted PCT - Time Play
Normal Forward
1 - 35% - 40% - 18:20
2 - 28% - 30% - 14:28
3 - 20% - 20% - 10:38
4 - 17% - 10% - 8:36
Normal Defense
1 - 38% - 40% - 19:34
2 - 31% - 30% - 16:13
3 - 26% - 20% - 13:30
4 - 5% - 10% - 2:45
PP Forward
1 - 61% - 60% - 2:26
2 - 39% - 40% - 1:32
PP Defense
1 - 67% - 60% - 2:39
2 - 33% - 40% - 1:19
PK Forward
1 - 86% - 60% - 3:26
2 - 14% - 40% - 0:34
PK Defense
1 - 54% - 60% - 2:10
2 - 46% - 40% - 1:50
PK3 Forward
1 - 0% - 60%
2 - 0% - 40%
PK3 Defense
1 - 0% - 60%
2 - 0% - 40%
44 Forward
1 - 0% - 60%
2 - 0% - 40%
44 Defense
1 - 0% - 60%
2 - 0% - 40%
Last Minute Offensive - 0:00
Last Minute Defensive - 0:00
Total
Forward - 60:00
Defense - 60:00
|
% Time on Ice - Canucks
Lines # - Real PCT - Wanted PCT - Time Play
Normal Forward
1 - 35% - 56% - 18:25
2 - 28% - 30% - 14:27
3 - 22% - 10% - 11:13
4 - 15% - 4% - 7:57
Normal Defense
1 - 48% - 56% - 25:14
2 - 30% - 30% - 15:34
3 - 22% - 10% - 11:14
4 - 0% - 4% - 0:00
PP Forward
1 - 53% - 60% - 2:06
2 - 48% - 40% - 1:54
PP Defense
1 - 48% - 60% - 1:55
2 - 52% - 40% - 2:05
PK Forward
1 - 96% - 60% - 3:48
2 - 4% - 40% - 0:10
PK Defense
1 - 55% - 60% - 2:10
2 - 45% - 40% - 1:48
PK3 Forward
1 - 0% - 60%
2 - 0% - 40%
PK3 Defense
1 - 0% - 60%
2 - 0% - 40%
44 Forward
1 - 0% - 60%
2 - 0% - 40%
44 Defense
1 - 0% - 60%
2 - 0% - 40%
Last Minute Offensive - 0:00
Last Minute Defensive - 0:00
Total
Forward - 60:00
Defense - 60:00
|
Play-by-Play
1st period
0:01 of 1st period - Dominik Kahun wins face-off versus Ryan Lomberg in neutral zone.
0:04 of 1st period - Nicolas Petan is hit by Timothy Liljegren and loses puck.
1:08 of 1st period - Slapshot by Matt Puempel.
1:08 of 1st period - Stopped by Thatcher Demko with a rebound.
1:25 of 1st period - Off-side.
1:26 of 1st period - Dominik Kahun wins face-off versus Nicolas Petan in neutral zone.
1:33 of 1st period - Slapshot by Drake Batherson.
1:33 of 1st period - Shot Misses the Net.
1:35 of 1st period - Snap shot by Drake Batherson.
1:35 of 1st period - Stopped by Thatcher Demko without a rebound.
1:36 of 1st period - Nicolas Petan wins face-off versus Dylan Gambrell in Canucks zone.
1:43 of 1st period - Snap shot by Daniel Zaar.
1:43 of 1st period - Shot Misses the Net.
1:45 of 1st period - Slapshot by Daniil Miromanov.
1:45 of 1st period - Shot Misses the Net.
2:03 of 1st period - Snap shot by Drake Batherson.
2:03 of 1st period - Shot Blocked by Jean-Sebastien Dea.
2:23 of 1st period - Snap shot by Juho Lammikko.
2:23 of 1st period - Shot Misses the Net.
2:29 of 1st period - Trevor Moore is hit by Timothy Liljegren and loses puck.
2:59 of 1st period - Wrist shot by Nicolas Petan.
2:59 of 1st period - Shot Misses the Net.
3:09 of 1st period - Slapshot by John Draeger.
3:09 of 1st period - Shot Misses the Net.
3:44 of 1st period - Snap shot by Drake Batherson.
3:44 of 1st period - Shot Blocked by Guillaume Brisebois.
3:46 of 1st period - Slapshot by Dominik Kahun.
3:46 of 1st period - Deflect By Drake Batherson.
3:46 of 1st period - Goal by Drake Batherson - Checkers : 1 - Canucks : 0.
3:47 of 1st period - Daniel Zaar wins face-off versus Dylan Gambrell in neutral zone.
3:50 of 1st period - Snap shot by Ryan Lomberg.
3:50 of 1st period - Shot Blocked by Timothy Liljegren.
3:52 of 1st period - Slapshot by Scott Harrington.
3:52 of 1st period - Stopped by Brandon Halverson with a rebound.
3:54 of 1st period - Slapshot by Nicolas Petan.
3:54 of 1st period - Shot Misses the Net.
4:51 of 1st period - Nicolas Petan is hit by Kirill Marchenko and loses puck.
4:56 of 1st period - Wrist shot by Morgan Frost.
4:56 of 1st period - Shot Blocked by Ryan Lomberg.
4:58 of 1st period - Wrist shot by Viktor Baldayev.
4:58 of 1st period - Shot Misses the Net.
5:00 of 1st period - Slapshot by John Draeger.
5:00 of 1st period - Shot Blocked by Dan Renouf.
5:23 of 1st period - Snap shot by Curtis Lazar.
5:23 of 1st period - Goal by Curtis Lazar - Checkers : 1 - Canucks : 1.
5:24 of 1st period - Nicolas Petan wins face-off versus Dominik Kahun in neutral zone.
5:58 of 1st period - Snap shot by Phil Di Giuseppe.
5:58 of 1st period - Stopped by Brandon Halverson with a rebound.
6:16 of 1st period - Backhand shot by Juho Lammikko.
6:16 of 1st period - Deflect By Trevor Moore.
6:16 of 1st period - Stopped by Brandon Halverson without a rebound.
6:17 of 1st period - Nicolas Petan wins face-off versus Dominik Kahun in Checkers zone.
6:22 of 1st period - Wrist shot by Daniel Zaar.
6:22 of 1st period - Shot Misses the Net.
6:44 of 1st period - Scott Harrington is hit by Jake Walman and loses puck.
7:05 of 1st period - Wrist shot by Matt Puempel.
7:05 of 1st period - Deflect By Adam Ollas-Mattsson.
7:05 of 1st period - Stopped by Thatcher Demko without a rebound.
7:06 of 1st period - Mackenzie MacEachern wins face-off versus Tanner Laczynski in Canucks zone.
7:06 of 1st period - Mackenzie MacEachern is hit by Radim Simek.
7:26 of 1st period - Snap shot by William Lockwood.
7:26 of 1st period - Stopped by Brandon Halverson with a rebound.
7:45 of 1st period - Minor Penalty to Matt Puempel for Tripping.
7:46 of 1st period - Nicolas Petan wins face-off versus Dominik Kahun in Checkers zone.
7:46 of 1st period - Snap shot by Daniel Zaar.
7:46 of 1st period - Goal by Daniel Zaar - Checkers : 1 - Canucks : 2.
7:47 of 1st period - Daniel Zaar wins face-off versus Dominik Kahun in neutral zone.
7:50 of 1st period - Viktor Baldayev is hit by Scott Harrington and loses puck.
8:13 of 1st period - Dan Renouf is hit by Viktor Baldayev.
8:17 of 1st period - Snap shot by Jean-Sebastien Dea.
8:17 of 1st period - Shot Misses the Net.
8:19 of 1st period - Slapshot by Adam Ollas-Mattsson.
8:19 of 1st period - Shot Hit the Post.
8:21 of 1st period - Wrist shot by Adam Ollas-Mattsson.
8:21 of 1st period - Shot Misses the Net.
8:23 of 1st period - Slapshot by Jean-Sebastien Dea.
8:23 of 1st period - Shot Blocked by John Draeger.
8:33 of 1st period - Slapshot by Roberts Lipsbergs.
8:33 of 1st period - Stopped by Thatcher Demko without a rebound.
8:34 of 1st period - Morgan Frost wins face-off versus Tyler Graovac in Canucks zone.
8:47 of 1st period - Radim Simek is hit by Dan Renouf and loses puck.
9:00 of 1st period - Dan Renouf is hit by Morgan Frost and loses puck.
9:11 of 1st period - Slapshot by Trevor Moore.
9:11 of 1st period - Shot Misses the Net.
9:13 of 1st period - Slapshot by Scott Harrington.
9:13 of 1st period - Shot Misses the Net.
9:15 of 1st period - Slapshot by Tyler Graovac.
9:15 of 1st period - Shot Misses the Net.
9:17 of 1st period - Slapshot by Dan Renouf.
9:17 of 1st period - Stopped by Brandon Halverson with a rebound.
9:19 of 1st period - Wrist shot by Trevor Moore.
9:19 of 1st period - Stopped by Brandon Halverson with a rebound.
9:21 of 1st period - Slapshot by Dan Renouf.
9:21 of 1st period - Shot Misses the Net.
10:18 of 1st period - Wrist shot by Morgan Frost.
10:18 of 1st period - Stopped by Thatcher Demko with a rebound.
10:51 of 1st period - Slapshot by Kirill Marchenko.
10:51 of 1st period - Deflect By Morgan Frost.
10:51 of 1st period - Stopped by Thatcher Demko without a rebound.
10:52 of 1st period - Nicolas Petan wins face-off versus Dominik Kahun in Canucks zone.
10:59 of 1st period - Wrist shot by Daniel Zaar.
10:59 of 1st period - Stopped by Brandon Halverson with a rebound.
11:19 of 1st period - Adam Ollas-Mattsson is hit by Andrei Svechnikov and loses puck.
12:05 of 1st period - Timothy Liljegren is hit by William Lagesson and loses puck.
13:10 of 1st period - Jake Walman is hit by Phil Di Giuseppe and loses puck.
13:19 of 1st period - Guillaume Brisebois is hit by Drake Batherson and loses puck.
13:26 of 1st period - Wrist shot by Anthony Beauvillier.
13:26 of 1st period - Shot Blocked by Guillaume Brisebois.
13:28 of 1st period - Snap shot by Anthony Beauvillier.
13:28 of 1st period - Deflect By Drake Batherson.
13:28 of 1st period - Shot Misses the Net.
13:28 of 1st period - Puck is out of play.
13:29 of 1st period - Dylan Gambrell wins face-off versus Nicolas Petan in Canucks zone.
13:30 of 1st period - Wrist shot by Andrei Svechnikov.
13:30 of 1st period - Shot Misses the Net.
13:56 of 1st period - William Lagesson is hit by Austin Poganski.
14:15 of 1st period - Dan Renouf is hit by Dylan Gambrell.
14:42 of 1st period - Austin Poganski is hit by Lane Pederson and loses puck.
14:59 of 1st period - Viktor Baldayev is hit by Ryan Lomberg and loses puck.
15:10 of 1st period - Snap shot by Curtis Lazar.
15:10 of 1st period - Stopped by Brandon Halverson without a rebound.
15:11 of 1st period - Dominik Kahun wins face-off versus Jean-Sebastien Dea in Checkers zone.
15:59 of 1st period - Wrist shot by Morgan Frost.
15:59 of 1st period - Stopped by Thatcher Demko with a rebound.
16:19 of 1st period - Dan Renouf is hit by Dylan Gambrell and loses puck.
16:28 of 1st period - Radim Simek is hit by Lane Pederson and loses puck.
16:45 of 1st period - Radim Simek is hit by Nicolas Petan and loses puck.
16:50 of 1st period - Snap shot by Daniel Zaar.
16:50 of 1st period - Stopped by Brandon Halverson with a rebound.
16:52 of 1st period - Slapshot by Daniil Miromanov.
16:52 of 1st period - Stopped by Brandon Halverson without a rebound.
16:53 of 1st period - Nicolas Petan wins face-off versus Dominik Kahun in Checkers zone.
16:54 of 1st period - Snap shot by Daniel Zaar.
16:54 of 1st period - Stopped by Brandon Halverson with a rebound.
17:48 of 1st period - Minor Penalty to Morgan Frost for Hooking.
17:49 of 1st period - Nicolas Petan wins face-off versus Dominik Kahun in Checkers zone.
18:45 of 1st period - Viktor Baldayev is hit by Curtis Lazar and loses puck.
19:02 of 1st period - Matt Puempel is hit by Nicolas Petan and loses puck.
19:48 of 1st period - Penalty to Morgan Frost is over, Morgan Frost is back on ice.
Goals for this period are 1 for Checkers vs 2 for Canucks.
Shots for this period are 8 for Checkers vs 13 for Canucks.
2nd period
0:01 of 2nd period - Dominik Kahun wins face-off versus Nicolas Petan in neutral zone.
0:24 of 2nd period - Icing by Anthony Beauvillier.
0:25 of 2nd period - Jean-Sebastien Dea wins face-off versus Dominik Kahun in Checkers zone.
0:37 of 2nd period - Off-side.
0:38 of 2nd period - Dylan Gambrell wins face-off versus Nicolas Petan in neutral zone.
0:49 of 2nd period - Wrist shot by Dylan Gambrell.
0:49 of 2nd period - Stopped by Thatcher Demko with a rebound.
1:13 of 2nd period - Snap shot by Tanner Laczynski.
1:13 of 2nd period - Deflect By Curtis Lazar.
1:13 of 2nd period - Shot Misses the Net.
1:13 of 2nd period - Puck is out of play.
1:14 of 2nd period - Ryan Lomberg wins face-off versus Dominik Kahun in Canucks zone.
1:24 of 2nd period - Off-side.
1:25 of 2nd period - Nicolas Petan wins face-off versus Dominik Kahun in neutral zone.
1:50 of 2nd period - Timothy Liljegren is hit by Phil Di Giuseppe and loses puck.
2:46 of 2nd period - Ryan Lomberg is hit by Viktor Baldayev.
3:53 of 2nd period - Icing by Scott Harrington.
3:54 of 2nd period - Dominik Kahun wins face-off versus Tyler Graovac in Canucks zone.
3:55 of 2nd period - Snap shot by Drake Batherson.
3:55 of 2nd period - Stopped by Thatcher Demko with a rebound.
4:13 of 2nd period - Snap shot by Trevor Moore.
4:13 of 2nd period - Shot Misses the Net.
4:15 of 2nd period - Snap shot by Trevor Moore.
4:15 of 2nd period - Shot Misses the Net.
4:17 of 2nd period - Slapshot by Scott Harrington.
4:17 of 2nd period - Shot Blocked by Anthony Beauvillier.
4:19 of 2nd period - Slapshot by Scott Harrington.
4:19 of 2nd period - Shot Blocked by Dominik Kahun.
4:21 of 2nd period - Slapshot by Dan Renouf.
4:21 of 2nd period - Stopped by Brandon Halverson with a rebound.
4:34 of 2nd period - Minor Penalty to Anthony Beauvillier for Holding.
4:35 of 2nd period - Nicolas Petan wins face-off versus Dominik Kahun in Checkers zone.
5:21 of 2nd period - Viktor Baldayev is hit by Nicolas Petan and loses puck.
5:50 of 2nd period - Ryan Lomberg is hit by Morgan Frost.
6:34 of 2nd period - Penalty to Anthony Beauvillier is over, Anthony Beauvillier is back on ice.
6:50 of 2nd period - Minor Penalty to William Lagesson for Boarding.
6:51 of 2nd period - Dominik Kahun wins face-off versus Nicolas Petan in Canucks zone.
7:06 of 2nd period - Wrist shot by Drake Batherson.
7:06 of 2nd period - Stopped by Thatcher Demko without a rebound.
7:07 of 2nd period - Nicolas Petan wins face-off versus Dominik Kahun in Canucks zone.
7:56 of 2nd period - Snap shot by Jean-Sebastien Dea.
7:56 of 2nd period - Deflect By Phil Di Giuseppe.
7:56 of 2nd period - Goal by Phil Di Giuseppe - Checkers : 1 - Canucks : 3.
7:57 of 2nd period - Dominik Kahun wins face-off versus Nicolas Petan in neutral zone.
8:29 of 2nd period - Icing by Timothy Liljegren.
8:30 of 2nd period - Jean-Sebastien Dea wins face-off versus Patrick Brown in Checkers zone.
8:39 of 2nd period - Ryan Lomberg is hit by Radim Simek and loses puck.
8:48 of 2nd period - Slapshot by Timothy Liljegren.
8:48 of 2nd period - Stopped by Thatcher Demko without a rebound.
8:49 of 2nd period - Dominik Kahun wins face-off versus Nicolas Petan in Canucks zone.
8:50 of 2nd period - Penalty to William Lagesson is over, William Lagesson is back on ice.
8:54 of 2nd period - Wrist shot by Drake Batherson.
8:54 of 2nd period - Shot Misses the Net.
8:56 of 2nd period - Snap shot by John Draeger.
8:56 of 2nd period - Shot Misses the Net.
8:58 of 2nd period - Snap shot by Drake Batherson.
8:58 of 2nd period - Goal by Drake Batherson - Checkers : 2 - Canucks : 3.
8:59 of 2nd period - Nicolas Petan wins face-off versus Dominik Kahun in neutral zone.
9:06 of 2nd period - Slapshot by Daniel Zaar.
9:06 of 2nd period - Shot Blocked by Timothy Liljegren.
9:47 of 2nd period - Dylan Gambrell is hit by William Lagesson and loses puck.
9:56 of 2nd period - Snap shot by Andrei Svechnikov.
9:56 of 2nd period - Stopped by Thatcher Demko without a rebound.
9:57 of 2nd period - Nicolas Petan wins face-off versus Dominik Kahun in Canucks zone.
11:03 of 2nd period - Snap shot by Matt Puempel.
11:03 of 2nd period - Stopped by Thatcher Demko with a rebound.
11:05 of 2nd period - Slapshot by Radim Simek.
11:05 of 2nd period - Deflect By Matt Puempel.
11:05 of 2nd period - Stopped by Thatcher Demko without a rebound.
11:06 of 2nd period - Nicolas Petan wins face-off versus Tanner Laczynski in Canucks zone.
11:31 of 2nd period - Viktor Baldayev is hit by Curtis Lazar and loses puck.
11:38 of 2nd period - Snap shot by Phil Di Giuseppe.
11:38 of 2nd period - Deflect By Curtis Lazar.
11:38 of 2nd period - Stopped by Brandon Halverson with a rebound.
11:40 of 2nd period - Slapshot by Jean-Sebastien Dea.
11:40 of 2nd period - Shot Misses the Net.
11:56 of 2nd period - Snap shot by Lane Pederson.
11:56 of 2nd period - Stopped by Brandon Halverson with a rebound.
12:02 of 2nd period - Snap shot by Andrei Svechnikov.
12:02 of 2nd period - Stopped by Thatcher Demko without a rebound.
12:03 of 2nd period - Dylan Gambrell wins face-off versus Nicolas Petan in Canucks zone.
12:08 of 2nd period - Wrist shot by Patrick Brown.
12:08 of 2nd period - Shot Misses the Net.
12:10 of 2nd period - Snap shot by Dylan Gambrell.
12:10 of 2nd period - Shot Blocked by Nicolas Petan.
12:12 of 2nd period - Snap shot by Patrick Brown.
12:12 of 2nd period - Shot Blocked by Ryan Lomberg.
12:14 of 2nd period - Backhand shot by Patrick Brown.
12:14 of 2nd period - Deflect By Dylan Gambrell.
12:14 of 2nd period - Stopped by Thatcher Demko with a rebound.
12:16 of 2nd period - Slapshot by Radim Simek.
12:16 of 2nd period - Shot Misses the Net.
12:18 of 2nd period - Slapshot by Radim Simek.
12:18 of 2nd period - Shot Blocked by Guillaume Brisebois.
13:19 of 2nd period - Backhand shot by Morgan Frost.
13:19 of 2nd period - Goal by Morgan Frost - Checkers : 3 - Canucks : 3.
13:20 of 2nd period - Anthony Beauvillier wins face-off versus Nicolas Petan in neutral zone.
14:49 of 2nd period - Wrist shot by Dominik Kahun.
14:49 of 2nd period - Shot Misses the Net.
14:51 of 2nd period - Wrist shot by Anthony Beauvillier.
14:51 of 2nd period - Shot Blocked by Lane Pederson.
14:53 of 2nd period - Slapshot by Jake Walman.
14:53 of 2nd period - Stopped by Thatcher Demko with a rebound.
15:12 of 2nd period - Minor Penalty to Patrick Brown for Holding.
15:13 of 2nd period - Nicolas Petan wins face-off versus Dominik Kahun in Checkers zone.
15:13 of 2nd period - Slapshot by Ryan Lomberg.
15:13 of 2nd period - Goal by Ryan Lomberg - Checkers : 3 - Canucks : 4.
15:14 of 2nd period - Ryan Lomberg wins face-off versus Dominik Kahun in neutral zone.
15:37 of 2nd period - Icing by Drake Batherson.
15:38 of 2nd period - Jean-Sebastien Dea wins face-off versus Dominik Kahun in Checkers zone.
15:43 of 2nd period - Slapshot by Radim Simek.
15:43 of 2nd period - Deflect By Curtis Lazar.
15:43 of 2nd period - Goal by Radim Simek - Checkers : 4 - Canucks : 4.
15:44 of 2nd period - Nicolas Petan wins face-off versus Drake Batherson in neutral zone.
16:18 of 2nd period - Off-side.
16:19 of 2nd period - Dominik Kahun wins face-off versus Nicolas Petan in neutral zone.
16:35 of 2nd period - Snap shot by Ryan Lomberg.
16:35 of 2nd period - Stopped by Brandon Halverson with a rebound.
16:42 of 2nd period - Icing by Drake Batherson.
16:43 of 2nd period - Jean-Sebastien Dea wins face-off versus Patrick Brown in Checkers zone.
17:12 of 2nd period - Ryan Lomberg is hit by Drake Batherson and loses puck.
17:17 of 2nd period - Snap shot by Drake Batherson.
17:17 of 2nd period - Stopped by Thatcher Demko with a rebound.
17:19 of 2nd period - Snap shot by Viktor Baldayev.
17:19 of 2nd period - Goal by Viktor Baldayev - Checkers : 5 - Canucks : 4.
17:20 of 2nd period - Dominik Kahun wins face-off versus Nicolas Petan in neutral zone.
19:23 of 2nd period - Icing by William Lockwood.
19:24 of 2nd period - Morgan Frost wins face-off versus Lane Pederson in Canucks zone.
19:35 of 2nd period - John Draeger is hit by Dan Renouf and loses puck.
19:40 of 2nd period - Slapshot by Mackenzie MacEachern.
19:40 of 2nd period - Stopped by Brandon Halverson without a rebound.
19:41 of 2nd period - Nicolas Petan wins face-off versus Dylan Gambrell in Checkers zone.
19:48 of 2nd period - Ryan Lomberg is hit by Radim Simek and loses puck.
Goals for this period are 4 for Checkers vs 2 for Canucks.
Shots for this period are 15 for Checkers vs 7 for Canucks.
3rd period
0:01 of 3rd period - Nicolas Petan wins face-off versus Anthony Beauvillier in neutral zone.
0:26 of 3rd period - Curtis Lazar is hit by Radim Simek and loses puck.
0:37 of 3rd period - Slapshot by Andrei Svechnikov.
0:37 of 3rd period - Shot Misses the Net.
0:46 of 3rd period - Off-side.
0:47 of 3rd period - Tanner Laczynski wins face-off versus Tyler Graovac in neutral zone.
0:50 of 3rd period - Tyler Graovac is hit by Austin Poganski.
1:22 of 3rd period - Snap shot by Daniel Zaar.
1:22 of 3rd period - Shot Misses the Net.
1:24 of 3rd period - Slapshot by Daniil Miromanov.
1:24 of 3rd period - Shot Misses the Net.
1:26 of 3rd period - Wrist shot by Daniel Zaar.
1:26 of 3rd period - Stopped by Brandon Halverson with a rebound.
1:41 of 3rd period - Snap shot by Andrei Svechnikov.
1:41 of 3rd period - Shot Misses the Net.
1:43 of 3rd period - Slapshot by John Draeger.
1:43 of 3rd period - Shot Misses the Net.
1:45 of 3rd period - Slapshot by Viktor Baldayev.
1:45 of 3rd period - Stopped by Thatcher Demko with a rebound.
1:47 of 3rd period - Wrist shot by Dylan Gambrell.
1:47 of 3rd period - Shot Misses the Net.
1:59 of 3rd period - Wrist shot by Roberts Lipsbergs.
1:59 of 3rd period - Stopped by Thatcher Demko without a rebound.
2:00 of 3rd period - Lane Pederson wins face-off versus Morgan Frost in Canucks zone.
2:22 of 3rd period - Off-side.
2:23 of 3rd period - Nicolas Petan wins face-off versus Dominik Kahun in neutral zone.
2:34 of 3rd period - Snap shot by Drake Batherson.
2:34 of 3rd period - Shot Misses the Net.
2:36 of 3rd period - Wrist shot by Anthony Beauvillier.
2:36 of 3rd period - Shot Misses the Net.
2:38 of 3rd period - Slapshot by Dominik Kahun.
2:38 of 3rd period - Shot Hit the Post.
2:53 of 3rd period - John Draeger is hit by William Lagesson and loses puck.
3:16 of 3rd period - Wrist shot by Matt Puempel.
3:16 of 3rd period - Shot Blocked by Dan Renouf.
3:18 of 3rd period - Backhand shot by Jared McIsaac.
3:18 of 3rd period - Stopped by Thatcher Demko without a rebound.
3:19 of 3rd period - Nicolas Petan wins face-off versus Dominik Kahun in Canucks zone.
3:23 of 3rd period - Off-side.
3:24 of 3rd period - Nicolas Petan wins face-off versus Dominik Kahun in neutral zone.
3:37 of 3rd period - Wrist shot by Drake Batherson.
3:37 of 3rd period - Shot Misses the Net.
5:39 of 3rd period - Juho Lammikko is hit by Jared McIsaac and loses puck.
5:46 of 3rd period - Wrist shot by Matt Puempel.
5:46 of 3rd period - Shot Blocked by Scott Harrington.
5:48 of 3rd period - Wrist shot by Jake Walman.
5:48 of 3rd period - Stopped by Thatcher Demko with a rebound.
6:00 of 3rd period - Snap shot by Drake Batherson.
6:00 of 3rd period - Stopped by Thatcher Demko without a rebound.
6:01 of 3rd period - Dominik Kahun wins face-off versus Nicolas Petan in Canucks zone.
6:45 of 3rd period - Slapshot by Dan Renouf.
6:45 of 3rd period - Shot Blocked by Matt Puempel.
6:51 of 3rd period - Tanner Laczynski is hit by Trevor Moore and loses puck.
7:25 of 3rd period - Anthony Beauvillier is hit by Guillaume Brisebois and loses puck.
7:50 of 3rd period - Guillaume Brisebois is hit by Andrei Svechnikov and loses puck.
8:52 of 3rd period - Off-side.
8:53 of 3rd period - Jean-Sebastien Dea wins face-off versus Dominik Kahun in neutral zone.
9:29 of 3rd period - Ryan Lomberg is hit by Dylan Gambrell and loses puck.
10:10 of 3rd period - Slapshot by Morgan Frost.
10:10 of 3rd period - Deflect By Kirill Marchenko.
10:10 of 3rd period - Stopped by Thatcher Demko with a rebound.
10:12 of 3rd period - Slapshot by Jared McIsaac.
10:12 of 3rd period - Shot Misses the Net.
10:27 of 3rd period - Wrist shot by Mackenzie MacEachern.
10:27 of 3rd period - Stopped by Brandon Halverson with a rebound.
10:29 of 3rd period - Wrist shot by William Lockwood.
10:29 of 3rd period - Stopped by Brandon Halverson without a rebound.
10:30 of 3rd period - Ryan Lomberg wins face-off versus Dominik Kahun in Checkers zone.
11:16 of 3rd period - Snap shot by Matt Puempel.
11:16 of 3rd period - Stopped by Thatcher Demko with a rebound.
11:18 of 3rd period - Wrist shot by Austin Poganski.
11:18 of 3rd period - Shot Blocked by Trevor Moore.
11:28 of 3rd period - Austin Poganski is hit by Dan Renouf and loses puck.
11:49 of 3rd period - Snap shot by Drake Batherson.
11:49 of 3rd period - Shot Misses the Net.
11:51 of 3rd period - Snap shot by Radim Simek.
11:51 of 3rd period - Shot Misses the Net.
12:03 of 3rd period - Snap shot by Ryan Lomberg.
12:03 of 3rd period - Shot Blocked by Andrei Svechnikov.
12:05 of 3rd period - Slapshot by Scott Harrington.
12:05 of 3rd period - Shot Misses the Net.
12:11 of 3rd period - Snap shot by Daniel Zaar.
12:11 of 3rd period - Stopped by Brandon Halverson with a rebound.
12:33 of 3rd period - Snap shot by Timothy Liljegren.
12:33 of 3rd period - Deflect By Morgan Frost.
12:33 of 3rd period - Deflect By William Lagesson.
12:33 of 3rd period - Shot Misses the Net.
12:33 of 3rd period - Puck is out of play.
12:34 of 3rd period - Dominik Kahun wins face-off versus Nicolas Petan in Canucks zone.
12:39 of 3rd period - Snap shot by Dominik Kahun.
12:39 of 3rd period - Goal by Dominik Kahun - Checkers : 6 - Canucks : 4.
12:40 of 3rd period - Dominik Kahun wins face-off versus Nicolas Petan in neutral zone.
13:05 of 3rd period - Dominik Kahun is hit by Lane Pederson and loses puck.
13:14 of 3rd period - Snap shot by Mackenzie MacEachern.
13:14 of 3rd period - Stopped by Brandon Halverson without a rebound.
13:15 of 3rd period - Nicolas Petan wins face-off versus Dylan Gambrell in Checkers zone.
13:22 of 3rd period - Nicolas Petan is hit by Patrick Brown and loses puck.
14:32 of 3rd period - Adam Ollas-Mattsson is hit by Jared McIsaac and loses puck.
14:39 of 3rd period - Jared McIsaac is hit by Lane Pederson and loses puck.
15:10 of 3rd period - Jean-Sebastien Dea is hit by Austin Poganski and loses puck.
16:14 of 3rd period - Minor Penalty to Ryan Lomberg for Hooking.
16:15 of 3rd period - Dominik Kahun wins face-off versus Nicolas Petan in Canucks zone.
16:26 of 3rd period - Wrist shot by Drake Batherson.
16:26 of 3rd period - Deflect By Anthony Beauvillier.
16:26 of 3rd period - Shot Misses the Net.
16:26 of 3rd period - Puck is out of play.
16:27 of 3rd period - Dominik Kahun wins face-off versus Nicolas Petan in Canucks zone.
16:53 of 3rd period - Patrick Brown is hit by Mackenzie MacEachern and loses puck.
18:14 of 3rd period - Penalty to Ryan Lomberg is over, Ryan Lomberg is back on ice.
18:24 of 3rd period - Daniil Miromanov is hit by Austin Poganski and loses puck.
18:35 of 3rd period - Daniil Miromanov is hit by Austin Poganski and loses puck.
18:58 of 3rd period - Patrick Brown is hit by Adam Ollas-Mattsson and loses puck.
Goals for this period are 1 for Checkers vs 0 for Canucks.
Shots for this period are 8 for Checkers vs 5 for Canucks.